 Dungeon Crawl Stone Soup version 0.28.0-53-g5a82cb258f (webtiles) character file.

Game seed: 12176425911296364037

11 Zeld the Firebug (level 2, -1/15 HPs)
             Began as a Deep Elf Fire Elementalist on May 21, 2022.
             Slain by an adder (3 damage)
             ... on level 1 of the Dungeon.
             The game lasted 00:00:56 (1112 turns).

Zeld the Firebug (Deep Elf Fire Elementalist)       Turns: 1112, Time: 00:00:57

Health: -1/15      AC:  2    Str:  5    XL:     2   Next: 13%
Magic:  6/8        EV: 12    Int: 19    God:
Gold:   37         SH:  5    Dex: 15    Spells: 4/7 levels left

rFire   . . .      SeeInvis .   (no weapon)
rCold   . . .      Faith    .   (no shield)
rNeg    . . .      Spirit   .   a - +0 robe
rPois   .          Reflect  +   (no helmet)
rElec   .          Harm     .   (no cloak)
rCorr   .          Rampage  .   (no gloves)
Will    .....                   (no boots)
Stlth   ++........              e - amulet of reflection
HPRegen 0.05/turn               (no ring)
MPRegen 0.11/turn               (no ring)

@: lethally poisoned (-1 -> -8)
A: no striking features
a: no special abilities


You were on level 1 of the Dungeon.
You visited 1 branch of the dungeon, and saw 2 of its levels.

You collected 37 gold pieces.

Inventory:

Armour
 a - a +0 robe (worn)
Jewellery
 e - an amulet of reflection (around neck)
Potions
 b - a potion of attraction {unknown}
 c - 2 potions of degeneration {unknown}
 d - 2 potions of lignification {unknown}
 f - a potion of might {unknown}


   Skills:
 + Level 2.6 Dodging
 - Level 2.4 Stealth
 * Level 3.3 Spellcasting
 + Level 1.3 Conjurations
 * Level 3.5 Fire Magic


You had 4 spell levels left.
You knew the following spells:

 Your Spells              Type           Power      Damage    Failure   Level
a - Foxfire               Conj/Fire      48%        2x1d6     5%          1
b - Scorch                Fire           32%        2d6       4%          2

Your spell library contained the following spells:

 Spells                   Type           Power      Damage    Failure   Level
 Conjure Flame            Conj/Fire      12%        6-21      16%         3
 Inner Flame              Hex/Fire       9%         N/A       22%         3
 Dazzling Flash           Conj/Hex       10%        N/A       32%         3
 Flame Wave               Conj/Fire      12%        2d6       47%         4
 Iskenderun's Mystic Bla  Conj/Tloc      5%         2d3       73%         4
 Starburst                Conj/Fire      6%         6d4       100%        6


Dungeon Overview and Level Annotations

Branches:
Dungeon (2/15)

Altars:


Message History

No target in view!
Done exploring.
Okay, then.
Done exploring.
There is a stone staircase leading down here.
You climb downwards.
Found a scroll labelled OLOTUGULLA and a scroll labelled DIOQUE QUSUPPI.
There is a stone staircase leading up here.
There are monsters nearby!
You hit the adder skeleton but do no damage.
The adder hisses angrily. x3
The adder skeleton bites you.
The adder hisses angrily.
You hear a shout!
There are monsters nearby!
You barely miss the adder.
You hear a shout!
The adder closely misses you.
The adder skeleton bites you but does no damage.
A hobgoblin comes into view.
The adder bites you.
You are poisoned.
The adder poisons you! The adder bites you.
You are lethally poisoned!
The adder poisons you!
The adder skeleton bites you but does no damage.
You block the adder's attack.
You climb upwards.
* * * LOW HITPOINT WARNING * * *
You feel very sick.
There is a stone staircase leading down here.
Unknown command.
Unknown command.
Casting: Scorch (safe; 4% risk of failure)
Confirm with . or Enter, or press ? or * to list all spells.
Flames lash the adder.
The adder is moderately wounded.
The adder's fire resistance burns away.
* * * LOW HITPOINT WARNING * * *
You feel sick. The adder bites you.
You die...

.###.#...#######.#...#.# #.#
...#.#.### #.....#.# #.# .#.#.#.#
#.#[#.#.# ### .#.#.#.######
#.......# ............# #.#.#.#.#
.#.#.#.#....# #.#.#.#.#
.#...#.#....# #.#.#.#.#
.##..#.#....####.#.#.#.#
......(.........@#.#.#.#
...............S.S...#.#
.#.#.#.#.....###.#.###.#
.#.#...#.....# #.#.# ###
.......#.....# #.#.#
..##...#.....###.#.#
..##.........|...#.#
..##.#.......###.#.#
..##.##......###.#.##############


You could see 2 adders.

Vanquished Creatures
  A dart slug (D:1)
  A goblin (D:1)
  A hobgoblin (D:1)
  A quokka (D:1)
  2 ball pythons (D:1)
  2 bats (D:1)
  A frilled lizard (D:1)
9 creatures vanquished.

Vanquished Creatures (others)
  39 foxfires (D:1)
39 creatures vanquished.

Grand Total: 48 creatures vanquished

Notes
Turn   | Place    | Note
-------+----------+-------------------------------------------
     0 | D:1      | Zeld the Deep Elf Fire Elementalist began the quest for the
                  | Orb.
     0 | D:1      | Reached XP level 1. HP: 10/10 MP: 6/6
   647 | D:1      | Reached XP level 2. HP: 15/15 MP: 4/8
   690 | D:1      | Learned a level 2 spell: Scorch
  1112 | D:1      | Slain by an adder

Illustrated notes

Levels and vault maps discovered:
D:1:      tarquinn_simple_flora_water_c, layout_basic, item_on_display_a
D:2:      layout_rooms, ebering_ecumenical_altar_abandoned

Action                   || total
-------------------------++-------
Melee: Unarmed           ||     4
 Cast: Foxfire           ||    23
       Scorch            ||     4
 Stab: Sleeping          ||     1
Armor: Robe              ||     2
Dodge: Dodged            ||     5
Block: Other             ||     1
